Map: 포트 알렉산더 - 래더

Players

Trap

  • Race: Protoss Protoss
  • Spawn Location: 5:00

dark - Winner!

  • Race: Zerg Zerg
  • Spawn Location: 11:00

Event: IEM Season 13: Katowice (2019)

VOD

Have the link to the VOD?

Description

Time

  • Played on: Feb. 28, 2019, 11:37 a.m.
  • Length: 6:59

All games in this series

Show
View Real Time Build Order
Export as new Build Order

Trap Protoss 

Build Orders:  

Get SALT Encoding   

  12  0:00  Probe  
  13  0:12  Probe  
  14  0:19  Pylon  
  14  0:24  Probe  
  15  0:33  Probe  
  15  0:40  Gateway  
  15  0:42  Probe  
  17  0:52  Probe  
  18  0:57  Forge  
  18  1:04  Probe  
  19  1:15  Pylon  
  19  1:24  Probe  
  20  1:33  Photon Cannon  
  20  1:38  Pylon  
  20  1:40  Pylon  
  20  1:46  Photon Cannon  
  20  2:01  Nexus  
  20  2:03  Probe  
  21  2:12  Cybernetics Core  
  21  2:15  Probe  
  21  2:20  Assimilator  
  22  2:25  Probe, Assimilator  
  23  2:33  Probe  
  24  2:43  Adept, Probe  
  25  2:55  Probe  
  25  2:57  Pylon  
  28  3:03  Warp Gate, Stalker  
  28  3:07  Probe  
  31  3:21  Probe x2  
  33  3:30  Robotics Facility  
  33  3:42  Shield Battery  
  33  3:43  Photon Cannon, Stalker  
  33  3:45  Photon Cannon  
  35  3:59  Pylon  
  35  4:06  Gateway  
  35  4:09  Immortal  
  37  4:27  Shield Battery  
  37  4:36  Shield Battery  
  37  4:37  Shield Battery  
  37  4:45  Immortal  
  37  4:52  Stalker  
  43  5:00  Stalker  
  43  5:06  Shield Battery  
  45  5:11  Gateway  
  45  5:15  Sentry, Warp Prism  
  49  5:33  Zealot  
  51  5:40  Cybernetics Core  
  51  5:47  Gateway  
  51  5:52  Pylon  
  51  6:07  Immortal  
  51  6:10  Zealot  
  51  6:11  Zealot  
  30  6:33  Zealot  
  30  6:34  Zealot  
  30  6:40  Shield Battery  
  30  6:44  Sentry  
  30  6:54  Zealot  
Show
View Real Time Build Order
Export as new Build Order

dark Zerg - Winner!

Build Orders: Hatch First, Ravager All-In 

Get SALT Encoding   

  12  0:00  Drone  
  13  0:13  Overlord  
  13  0:18  Drone  
  14  0:31  Drone x2  
  16  0:35  Drone  
  17  0:52  Hatchery  
  17  0:55  Drone  
  17  0:59  Drone  
  18  1:09  Extractor  
  17  1:14  Spawning Pool  
  17  1:16  Drone  
  17  1:21  Drone  
  18  1:30  Drone  
  19  1:45  Drone  
  21  1:56  Hatchery  
  20  2:03  Zergling x2  
  20  2:05  Queen  
  20  2:06  Roach Warren  
  20  2:08  Overlord  
  22  2:36  Hatchery  
  21  2:40  Extractor  
  20  2:46  Roach x2  
  20  2:47  Drone  
  25  3:04  Roach  
  28  3:07  Ravager x2  
  28  3:09  Overlord  
  30  3:26  Overlord  
  30  3:27  Roach x2  
  34  3:39  Metabolic Boost  
  34  3:47  Queen  
  34  3:48  Spine Crawler  
  35  3:50  Ravager  
  35  3:52  Zergling x6  
  39  3:56  Zergling x2  
  39  3:57  Zergling x2  
  41  4:05  Roach  
  42  4:17  Overlord  
  42  4:28  Zergling x4  
  44  4:37  Zergling x6  
  44  4:38  Ravager  
  48  4:42  Ravager  
  48  4:44  Ravager  
  50  4:51  Zergling x2  
  51  4:56  Overlord  
  46  5:08  Zergling x4  
  46  5:09  Zergling x2  
  49  5:18  Roach  
  51  5:34  Roach x2  
  55  5:43  Ravager  
  55  5:45  Roach  
  58  5:54  Ravager, Zergling x2  
  58  5:56  Overlord  
  57  6:05  Zergling x2  
  57  6:11  Zergling x6  
  58  6:17  Ravager  
  42  6:33  Zergling x8  
  42  6:35  Zergling x2  
  47  6:40  Zergling x2  

Tags
 
Add a new tag
Caveats
  • Supply blocks, unpowered buildings, or Contaminate may cause inaccurate times.
  • Supply counts are checked every 10 seconds.